 Dungeon Crawl Stone Soup version 0.17-a0-996-ge445d5e (webtiles) character file.

574 digdugdiggy the Conjurer (level 7, 0/36 HPs)
             Began as a Deep Elf Wizard on May 12, 2015.
             Shot with an arrow by a centaur (11 damage)
             ... on level 5 of the Dungeon.
             The game lasted 00:11:51 (5967 turns).

digdugdiggy the Conjurer (Deep Elf Wizard)          Turns: 5967, Time: 00:11:51

Health: 0/36       AC:  8    Str:  8    XL:     7   Next: 12%
Magic:  15/24      EV: 13    Int: 25    God:
Gold:   199        SH:  0    Dex: 13    Spells: 6 memorised, 1 level left

rFire  . . .     SeeInvis .     A - +8 dagger "Xitunlef" {drain, rPois rC+ Str+4}
rCold  + . .     Clarity  .     j - +2 robe {MR+}
rNeg   . . .     SustAb   .     (no shield)
rPois  +         Gourm    .     b - +0 hat
rElec  .         Spirit   .     z - +1 cloak
rCorr  .         Warding  .     m - +1 pair of gloves
rMut   .         Stasis   .     (no boots)
MR     +....                    (no amulet)
Stlth  ++........               k - ring of magical power
                                w - +1 ring of evasion

@: somewhat resistant to hostile enchantments, unstealthy
A: no striking features
a: no special abilities


You were on level 5 of the Dungeon.
You were not hungry.

You visited 1 branch of the dungeon, and saw 5 of its levels.

You collected 199 gold pieces.

Inventory:

Hand weapons
 u - a +2 mace of holy wrath
 A - the +8 dagger "Xitunlef" (weapon) {drain, rPois rC+ Str+4}
   (You took it off a kobold on level 4 of the Dungeon)

   A truly terrible weapon, it drains the life of those it strikes.
   It affects your strength (+4).
   It protects you from cold.
   It protects you from poison.
Armour
 b - a +0 hat (worn)
 j - a +2 robe of magic resistance (worn)
 m - a +1 pair of gloves (worn)
 z - a +1 cloak (worn)
 B - the +6 ring mail "Wemiybbe" {rPois rF+++ Str-2 Dex-5}
   (You took it off a kobold on level 4 of the Dungeon)

   It affects your strength (-2).
   It affects your dexterity (-5).
   It renders you almost immune to fire.
   It protects you from poison.
Jewellery
 k - a ring of magical power (right hand)
 w - a +1 ring of evasion (left hand)
Scrolls
 a - a scroll of remove curse {unknown}
 f - a scroll of identify
 g - 3 scrolls of teleportation
 l - a scroll of fog
 o - a scroll of magic mapping
Potions
 e - 2 potions of brilliance {unknown}
 i - 3 potions of curing
 p - a potion of poison {unknown}
 q - a potion of ambrosia {unknown}
 r - a potion of haste {unknown}
 s - a potion of might {unknown}
 t - a potion of magic {unknown}
 x - a potion of lignification {unknown}
Books
 c - a book of Minor Magic

   Spells                             Type                      Level
   a - Magic Dart                     Conjuration                  1
   b - Blink                          Translocation                2
   c - Call Imp                       Summoning                    2
   d - Repel Missiles                 Charms/Air                   2
   e - Slow                           Hexes                        2
   f - Conjure Flame                  Conjuration/Fire             3
   g - Mephitic Cloud                 Conjuration/Poison/Air       3
Comestibles
 d - 3 bread rations
 n - a meat ration


   Skills:
 - Level 2.4 Dodging
 - Level 2.4 Stealth
 - Level 4.4 Spellcasting
 - Level 5.3 Conjurations
 - Level 1.1 Summonings
 - Level 4.1 Translocations
 + Level 2.8 Air Magic
 + Level 3.2 Poison Magic


You had one spell level left.
You knew the following spells:

 Your Spells              Type           Power        Failure   Level  Hunger
a - Magic Dart            Conj           ####         1%          1    None
b - Blink                 Tloc           N/A          2%          2    None
c - Repel Missiles        Chrm/Air       ##....       10%         2    None
d - Call Imp              Summ           ##......     10%         2    None
e - Mephitic Cloud        Conj/Pois/Air  ###.....     8%          3    ##.....
f - Conjure Flame         Conj/Fire      ###.....     12%         3    ##.....


Dungeon Overview and Level Annotations

Branches:
Dungeon (5/15)
 Temple: D:4-7

Altars:
Dithmenos
Elyvilon
Ru
Xom

Annotations:
D:1 big kobold pile digging
D:3 digdugdiggy's ghost, average DrFE


Message History

The magic dart hits the crimson imp.
You kill the crimson imp!
Casting: Magic Dart
Confirm with . or Enter, or press ? or * to list all spells.
Aiming: Magic Dart
Press: ? - help, Shift-Dir - straight line, f - centaur
Aim: a centaur, wielding a staff of wizardry The magic dart hits the centaur.
The centaur is lightly wounded.
The centaur wields a shortbow.
The centaur shoots an arrow.
The arrow hits you!
Casting: Magic Dart
Confirm with . or Enter, or press ? or * to list all spells.
Aiming: Magic Dart
Press: ? - help, Shift-Dir - straight line, f/p - centaur
Aim: a centaur, wielding a shortbow (lightly wounded)
The magic dart hits the centaur.
The centaur is lightly wounded.
The centaur shoots an arrow.
The arrow hits you!
The centaur shoots an arrow.
The arrow hits you!
You die...

...........#.#
#..........#.# .#
#....#.#.....# .#
#........#.#.####.###
#....#.#............####
##.#.......#..#.#.......
#.######.............. #
#.##.....#..###
#.###.#.@?c...#
......#.##..#...
##........ .# ####......
.. #.#####. .. ... ## ##
.... ..


You could see a centaur.

Vanquished Creatures
  Sigmund (D:4)
  An ogre (D:4)
  A scorpion (D:4)
  2 crimson imps
  An iguana (D:5)
  A hound (D:4)
  2 worker ants (D:4)
  A worker ant zombie (D:5)
  3 adders
  3 worms
  2 orcs (D:4)
  8 bats
  2 bat skeletons
  4 giant cockroaches
  7 goblins
  8 hobgoblins
  4 jackals (D:4)
  A quokka (D:2)
  3 giant geckos
  3 giant newts
  6 kobolds
  11 rats
75 creatures vanquished.

Notes
Turn   | Place    | Note
--------------------------------------------------------------
     0 | D:1      | digdugdiggy the Deep Elf Wizard began the quest for the Orb.
     0 | D:1      | Reached XP level 1. HP: 10/10 MP: 7/7
   203 | D:1      | Reached XP level 2. HP: 15/15 MP: 0/9
   781 | D:1      | Noticed a big kobold
   781 | D:1      | Noticed a big kobold
   782 | D:1      | Noticed a big kobold
  1095 | D:1      | Noticed a big kobold
  1174 | D:1      | Learned a level 2 spell: Blink
  1177 | D:1      | Learned a level 2 spell: Repel Missiles
  1180 | D:1      | Learned a level 2 spell: Call Imp
  1276 | D:2      | Reached XP level 3. HP: 15/19 MP: 5/10
  2360 | D:3      | Noticed digdugdiggy's ghost (average DrFE)
  2420 | D:3      | Found a shadowy altar of Dithmenos.
  2422 | D:3      | Found a white marble altar of Elyvilon.
  2502 | D:4      | Reached XP level 4. HP: 21/24 MP: 8/12
  2785 | D:4      | Reached skill level 5 in Conjurations
  2790 | D:4      | Learned a level 3 spell: Mephitic Cloud
  2908 | D:4      | Reached XP level 5. HP: 26/28 MP: 4/13
  3027 | D:4      | Noticed an ogre
  3033 | D:4      | Killed an ogre
  3050 | D:4      | Noticed a scorpion
  3088 | D:4      | Killed a scorpion
  3088 | D:4      | Reached XP level 6. HP: 16/32 MP: 0/14
  3245 | D:4      | Learned a level 3 spell: Conjure Flame
  3265 | D:4      | Noticed Sigmund
  3625 | D:4      | Got a warped dagger {drain}
  3625 | D:4      | Got a warped ring mail
  3837 | D:3      | Identified the +8 dagger "Xitunlef" {drain, rPois rC+ Str+4} (You took it off a kobold on level 4 of the Dungeon)
  3848 | D:3      | Identified the +6 ring mail "Wemiybbe" {rPois rF+++ Str-2 Dex-5} (You took it off a kobold on level 4 of the Dungeon)
  3908 | D:4      | Found a shimmering altar of Xom.
  3909 | D:4      | Found a sacrificial altar of Ru.
  3990 | D:4      | Reached skill level 1 in Air Magic
  3990 | D:4      | Reached skill level 1 in Poison Magic
  4636 | D:5      | Entered Level 5 of the Dungeon
  4859 | D:4      | Killed Sigmund
  5543 | D:5      | Reached XP level 7. HP: 2/36 MP: 8/15
  5967 | D:5      | Shot with an arrow by a centaur

Vault maps used:
D:1:      erik_arrival_cave_to_civilisation
D:3:      nicolae_overflow_hidden_temple
D:4:      amethyst_overflow_temple_binary, first_bread, uniq_sigmund
D:5:      black_bear_nest_1, lemuel_crystal_altar, serial_shops,
          nicolae_shop_overgrown_old_shop, kennysheep_mini, shop, shop, shop,
          serial_glass, glass_columns_a, glass_columns_a, uniq_grinder

Action                   |  1- 3 |  4- 6 |  7- 9 || total
-------------------------+-------+-------+-------++-------
Melee: Mace              |       |     2 |       ||     2
 Cast: Magic Dart        |    90 |   113 |    15 ||   218
       Blink             |       |     7 |       ||     7
       Conjure Flame     |       |     2 |       ||     2
       Mephitic Cloud    |       |     2 |       ||     2
       Repel Missiles    |       |     1 |       ||     1
  Use: Scroll            |     2 |     8 |       ||    10
       Potion            |       |     2 |       ||     2
  Eat: Chunk             |     4 |     3 |       ||     7
       Bread ration      |       |     1 |       ||     1
       Beef jerky        |       |     1 |       ||     1
       Meat ration       |       |       |     1 ||     1
